 Dungeon Crawl Stone Soup version 0.18-a0-1784-ga939a68 (webtiles) character file.

78 Oddball22 the Vexing (level 3, 0/29 HPs)
             Began as a Demigod Arcane Marksman on Apr 19, 2016.
             Slain by an adder (4 damage)
             ... on level 2 of the Dungeon.
             The game lasted 00:05:51 (3153 turns).

Oddball22 the Vexing (Demigod Arcane Marksman)      Turns: 3153, Time: 00:05:52

Health: 0/29       AC:  2    Str: 14    XL:     3   Next: 94%
Magic:  7/8        EV: 13    Int: 17    God:
Gold:   139        SH:  0    Dex: 17    Spells: 2 memorised, 2 levels left

rFire  x . .     SeeInvis .     e - +0 short sword
rCold  + . .     Gourm    .     b - +0 robe
rNeg   . . .     Faith    .     (no shield)
rPois  .         Spirit   .     (no helmet)
rElec  .         Dismiss  .     (no cloak)
rCorr  .         Reflect  .     (no gloves)
SustAt +         Harm     .     (no boots)
MR     .....                    (no amulet)
Stlth  ++........               (no ring)
                                n - ring of ice

@: lethally poisoned (0 -> -3), not resistant to hostile enchantments,
unstealthy
A: high mp 1, sustain attributes
a: no special abilities


You were on level 2 of the Dungeon.
You were not hungry.

You visited 1 branch of the dungeon, and saw 3 of its levels.

You collected 139 gold pieces.

Inventory:

Hand Weapons
 a - a +0 hand crossbow
 e - a +0 short sword (weapon)
Missiles
 d - 53 bolts
Armour
 b - a +0 robe (worn)
Jewellery
 n - a ring of ice (left hand)
Wands
 r - a wand of random effects (31/48)
Scrolls
 g - a scroll of remove curse {unknown}
 j - 4 scrolls of identify {unknown}
 k - a scroll of blinking {unknown}
 m - a scroll of enchant weapon {unknown}
 o - a scroll of amnesia {unknown}
 p - a scroll of fog {unknown}
Books
 c - a book of Debilitation

   Spells                             Type                      Level
   a - Corona                         Hexes                        1
   b - Slow                           Hexes                        2
   c - Gell's Gravitas                Hexes/Translocation          3
   d - Inner Flame                    Hexes/Fire                   3
   e - Cause Fear                     Hexes                        4
   f - Leda's Liquefaction            Hexes/Earth                  4
 q - a book of the Tempests

   Spells                             Type                      Level
   a - Static Discharge               Conjuration/Air              3
   b - Lightning Bolt                 Conjuration/Air              5
   c - Fireball                       Conjuration/Fire             5
   d - Tornado                        Air                          9
   e - Shatter                        Earth                        9
Comestibles
 f - 3 bread rations
 h - a royal jelly
 i - 2 fruits
 l - 3 meat rations


   Skills:
 * Level 2.0 Fighting
 + Level 2.2 Crossbows
 + Level 2.5 Dodging
 + Level 1.9 Spellcasting
 - Level 2.6 Hexes


You had 2 spell levels left.
You knew the following spells:

 Your Spells              Type           Power        Failure   Level  Hunger
a - Corona                Hex            ##.....      10%         1    #......
b - Slow                  Hex            ##......     12%         2    ###....


Dungeon Overview and Level Annotations

Branches:
Dungeon (3/15)

Annotations:
D:3 harness01's ghost, weakling DsAK


Innate Abilities, Weirdness & Mutations

You have an increased reservoir of magic (+10% MP).
Your attributes are resistant to harm.


Message History

You hit the adder.
The adder is heavily wounded.
The adder closely misses you.
You hit the adder.
The adder is severely wounded.
The adder barely misses you. The adder closely misses you.
You barely miss the adder.
The adder is severely wounded.
The adder bites you.
* * * LOW HITPOINT WARNING * * *
You are poisoned.
The adder poisons you!
You barely miss the adder.
The adder is severely wounded.
You feel sick. The adder bites you.
* * * LOW HITPOINT WARNING * * *
You barely miss the adder.
The adder is severely wounded.
The adder closely misses you. The adder bites you.
You die...

#.##.#.# #......# ####.###
#.# ### #.# #######.## #.#
#.....(#.## #.###
##.###.###.## ##....
#######.>@..## ##.###.##.#
#.......(#S## ##(..#.#.#
#.#####..#..#####.###.##.#
#..........#.#............
#..#.##........#####......
#..#.##........# #..###.
#.......######.# #....#.
##..###.# #.# #.#..#.
#..###.######.#####.#..#.


You could see an adder.

Vanquished Creatures
  2 adders
  2 oozes
  2 dart slugs (D:1)
  A giant gecko (D:1)
  An orc (D:2)
  2 ball pythons
  7 bats
  A giant cockroach (D:2)
  5 goblins
  6 hobgoblins (D:1)
  8 kobolds
  A quokka (D:2)
  2 giant newts (D:3)
  5 rats (D:1)
45 creatures vanquished.

Notes
Turn   | Place    | Note
--------------------------------------------------------------
     0 | D:1      | Oddball22 the Demigod Arcane Marksman began the quest for the Orb.
     0 | D:1      | Reached XP level 1. HP: 15/15 MP: 4/4
    20 | D:1      | Reached skill level 1 in Fighting
   378 | D:1      | Reached XP level 2. HP: 12/23 MP: 3/6
  1309 | D:1      | Learned a level 2 spell: Slow
  1329 | D:1      | Reached XP level 3. HP: 23/28 MP: 8/8
  2008 | D:2      | Found a burning altar of Makhleb.
  2008 | D:2      | Found a shimmering altar of Xom.
  2236 | D:2      | Found a bloodstained altar of Trog.
  2630 | D:2      | Found a blossoming altar of Fedhas.
  3101 | D:3      | Noticed harness01's ghost (weakling DsAK)
  3153 | D:2      | Slain by an adder

Vault maps used:
D:1:      roderic_dead_forest
D:2:      nicolae_overflow_hidden_temple, first_bread, fedhas_altar_4
D:3:      ecumenical_altar_2

Skill      XL: |  1  2  3 |
---------------+----------+-----
Fighting       | 1 2 |  2.0
Dodging        | 2 |  2.5
Crossbows      | 2 |  2.2
Spellcasting   | |  1.9
Hexes          | |  2.6

Action                   || total
-------------------------++-------
Melee: Short sword       ||   177
       Unarmed           ||    18
 Fire: Hand crossbow     ||     8
 Cast: Corona            ||    31
 Stab: Sleeping          ||     2
  Eat: Chunk             ||     7
       Fruit             ||     1
Armor: Robe              ||    45
Dodge: Dodged            ||   156
